 Dungeon Crawl Stone Soup version 0.19-a0-1035-gdbfb0c6 (webtiles) character file.

4185 Herrn the Geomancer (level 10, -7/92 HPs)
             Began as a Naga Earth Elementalist on July 29, 2016.
             Killed by the air
             ... invoked by Gastronok
              (26 damage)
             ... on level 8 of the Dungeon.
             The game lasted 00:36:53 (8446 turns).

Herrn the Geomancer (Naga Earth Elementalist)       Turns: 8446, Time: 00:36:54

Health: -7/92      AC: 10    Str:  7 (10) XL:     10   Next: 29%
Magic:  12/25      EV:  9    Int: 14 (17) God:
Gold:   407        SH:  0    Dex: 11 (14) Spells: 2 memorised, 10 levels left

rFire  + . .     SeeInvis +     b - 68 stones
rCold  . . .     Gourm    .     u - +2 ring mail {rN+}
rNeg   + . .     Faith    .     (no shield)
rPois  +         Spirit   .     (no helmet)
rElec  .         Dismiss  .     a - +0 cloak
rCorr  .         Reflect  .     (no gloves)
SustAt .         Harm     .     (no barding)
MR     +....                    B - amulet of regeneration
Stlth  ++........               N - +2 ring of dexterity
                                f - ring of magical power

@: very slightly contaminated, hasted, quick, somewhat resistant to hostile
enchantments, unstealthy
A: slimy green scales 1, see invisible, clumsy 1, deformed body, fire resistance
1, poison resistance, slowness 2, slow metabolism 1, spit poison 2, AC +3
a: Spit Poison


You were on level 8 of the Dungeon.
You were not hungry.

You visited 2 branches of the dungeon, and saw 9 of its levels.
You also visited: Ossuary.

You collected 407 gold pieces.

Inventory:

Hand Weapons
 p - a +0 flail
 U - a +0 battleaxe
Missiles
 b - 68 stones (in hand)
Armour
 a - a +0 cloak (worn)
 u - a +2 ring mail of positive energy (worn)
 y - a +0 chain mail
 M - a +0 shield
Jewellery
 f - a ring of magical power (left hand)
 B - an amulet of regeneration (around neck)
 F - a +2 ring of protection
 G - an uncursed ring of protection from magic
 N - a +2 ring of dexterity (right hand)
Wands
 v - a wand of random effects (36/48)
 K - a wand of digging (11/24)
 P - a wand of enslavement (13/24)
 Q - a wand of enslavement (12/24)
Scrolls
 m - 2 scrolls of enchant armour
 o - 3 scrolls of recharging
 q - 4 scrolls of remove curse
 s - 2 scrolls of noise
 w - 5 scrolls of blinking
 J - 5 scrolls of teleportation
 S - a scroll of immolation {unknown}
Potions
 g - a potion of cancellation
 h - a potion of cure mutation
 l - a potion of brilliance
 D - 2 potions of curing
 I - a potion of degeneration
Books
 e - a book of Geomancy

   Spells                             Type                      Level
   a - Sandblast                      Earth                        1
   b - Passwall                       Transmutation/Earth          2
   c - Stone Arrow                    Conjuration/Earth            3
   d - Petrify                        Transmutation/Earth          4
   e - Lee's Rapid Deconstruction     Earth                        5
 E - a book of Transfigurations

   Spells                             Type                      Level
   a - Irradiate                      Conjuration/Transmutation    5
   b - Statue Form                    Transmutation/Earth          6
   c - Hydra Form                     Transmutation                6
   d - Dragon Form                    Transmutation                7
 L - a book of the Warp

   Spells                             Type                      Level
   a - Recall                         Summoning/Translocation      3
   b - Gell's Gravitas                Hexes/Translocation          3
   c - Force Lance                    Conjuration/Translocation    4
   d - Warp Weapon                    Charms/Translocation         5
   e - Summon Forest                  Summoning/Translocation      5
Comestibles
 c - 3 chunks of flesh
 d - 6 bread rations
 r - 2 meat rations
 x - 3 slices of pizza
 A - a royal jelly
 C - 2 fruits
 O - 9 beef jerkies


   Skills:
 * Level 6.3 Fighting
 * Level 4.1 Axes
 + Level 0.1 Armour
 + Level 5.8 Dodging
 - Level 4.3 Stealth
 - Level 4.0 Spellcasting
 * Level 5.2 Transmutations
 + Level 8.4 Earth Magic


You had 10 spell levels left.
You knew the following spells:

 Your Spells              Type           Power        Failure   Level  Hunger
a - Sandblast             Erth           ####..       2%          1    None
b - Statue Form           Tmut/Erth      ###......    100%        6    #######


Dungeon Overview and Level Annotations

Branches:
Dungeon (8/15)             Temple (1/1) D:6
   Lair: D:8-11

Altars:
Dithmenos
Elyvilon
Fedhas
Gozag
Kikubaaqudgha
Makhleb
Nemelex Xobeh
Pakellas
Qazlal
Ru
Sif Muna
Uskayaw
Vehumet
Xom
Yredelemnul
Zin
The Shining One

Shops:
D:4 !

Annotations:
D:3 casual's ghost, amateur HEGl
D:8 Gastronok


Innate Abilities, Weirdness & Mutations

You cannot wear boots.
Your serpentine skin is tough. (AC +3)
You have supernaturally acute eyesight. (SInv)
Armour fits poorly on your strangely shaped body.
Your system is resistant to poisons. (rPois)
You cover ground very slowly.
You have a slow metabolism.
You can spit poison.
You are partially covered in slimy green scales. (AC +2)
You are clumsy. (Dex -2)
Your flesh is heat resistant. (rF+)


Message History

Gastronok is severely wounded.
Gastronok bites you!!
* * * LOW HITPOINT WARNING * * *
Casting: Sandblast
Confirm with . or Enter, or press ? or * to list all spells.
Aiming: Sandblast
Press: ? - help, Shift-Dir - straight line, f/p - Gastronok
Aim: Gastronok, wearing a glowing hat (severely wounded)
The rocky blast hits Gastronok.
Gastronok is almost dead.
Casting: Sandblast
Confirm with . or Enter, or press ? or * to list all spells.
Aiming: Sandblast
Press: ? - help, Shift-Dir - straight line, f/p - Gastronok
Aim: Gastronok, wearing a glowing hat (almost dead)
The rocky blast hits Gastronok.
Gastronok is almost dead.
Gastronok waves his eye-stalks in wide circles.
The air twists around and strikes you!
You die...

..# . ...#........# #....##
..#
....#........######.###.###
.## .... #.##.##..)......#
#...# ## ... #.
#.####.#.#.#.###.#.# ..
.........##.^.##.# ...#
#..#######.###.## .....
#................
......######.####...†###.##
Z......rbw@..# #........#
...$.?######## #.########
...## #.# . #.# #.# #.# #.#
..# #.#


You could see Gastronok, a quokka and a bat.

Vanquished Creatures
  Maurice (D:8)
  Joseph (D:8)
  Eustachio (D:4)
  Menkaure (D:4)
  A water moccasin (D:5)
  Duvessa (D:6)
  3 orc warriors
  2 sky beasts
  5 ogres
  2 centaurs (D:7)
  2 phantoms
  2 giant frogs
  Dowan (D:6)
  A water moccasin skeleton (D:7)
  4 scorpions
  3 wights (D:8)
  A howler monkey (D:7)
  A vampire bat (D:4)
  3 crimson imps
  3 centaur zombies (Ossuary)
  7 hounds
  A jelly (D:6)
  2 orc priests
  An iron imp (D:7)
  3 orc wizards
  2 iguanas
  3 worker ants
  2 big kobold zombies (Ossuary)
  A hound zombie (D:5)
  4 mummies (Ossuary)
  3 gnolls (D:5)
  16 adders
  3 shadow imps
  4 oozes
  An adder zombie (D:5)
  2 worms
  5 dart slugs
  4 giant geckos
  14 orcs
  6 bats
  4 bat skeletons (D:4)
  2 bat zombies (D:4)
  9 giant cockroaches
  11 goblins
  8 hobgoblins
  10 jackals
  4 kobolds
  3 quokkas
  2 ball pythons
  5 giant newts
  A goblin skeleton (D:7)
  A goblin zombie (D:7)
  4 hobgoblin zombies
  2 orc skeletons (D:7)
  2 orc zombies (D:7)
  7 rats
198 creatures vanquished.

Vanquished Creatures (others)
  A hobgoblin (D:3)
1 creature vanquished.

Grand Total: 199 creatures vanquished

Notes
Turn   | Place    | Note
-------+----------+-------------------------------------------
     0 | D:1      | Herrn the Naga Earth Elementalist began the quest for the Orb.
     0 | D:1      | Reached XP level 1. HP: 15/15 MP: 3/3
   110 | D:1      | Reached skill level 1 in Fighting
   110 | D:1      | Reached XP level 2. HP: 25/25 MP: 5/5
   632 | D:1      | Reached XP level 3. HP: 31/31 MP: 6/6
  1356 | D:2      | Reached XP level 4. HP: 34/38 MP: 7/7
  2660 | D:3      | Noticed casual's ghost (amateur HEGl)
  2709 | D:3      | Reached XP level 5. HP: 43/44 MP: 9/9
  2718 | D:3      | Found a white marble altar of Elyvilon.
  2768 | D:3      | Reached skill level 4 in Earth Magic
  3258 | D:4      | Noticed an ogre
  3269 | D:4      | Killed an ogre
  3269 | D:4      | Reached XP level 6. HP: 42/52 MP: 11/11
  3384 | D:4      | Learned a level 6 spell: Statue Form
  3390 | D:4      | Noticed Menkaure
  3398 | D:4      | HP: 2/54 [Menkaure (23)]
  3399 | D:4      | Killed Menkaure
  3399 | D:4      | Reached XP level 7. HP: 2/61 MP: 12/12
  3562 | D:4      | Found Konwidgh's Distillery.
  3619 | D:4      | Reached skill level 5 in Earth Magic
  3620 | D:4      | Noticed Eustachio
  3638 | D:5      | Entered Level 5 of the Dungeon
  3749 | D:5      | Found a sand-covered staircase.
  3757 | Ossuary  | Entered an ossuary
  3881 | Ossuary  | Reached skill level 6 in Earth Magic
  3881 | Ossuary  | Reached XP level 8. HP: 59/69 MP: 14/14
  4067 | D:6      | Found a staircase to the Ecumenical Temple.
  4077 | Temple   | Entered the Ecumenical Temple
  4293 | D:4      | Killed Eustachio
  4446 | D:4      | Reached skill level 7 in Earth Magic
  4535 | D:4      | Found an ancient bone altar of Kikubaaqudgha.
  5824 | D:6      | Noticed Duvessa
  5863 | D:6      | Killed Duvessa
  5863 | D:6      | Reached XP level 9. HP: 77/79 MP: 15/15
  5880 | D:6      | Noticed Dowan
  5888 | D:6      | Killed Dowan
  6358 | D:6      | Gained mutation: You possess an exceptional clarity of mind. [mutagenic meat]
  6537 | D:7      | Reached skill level 1 in Axes
  6597 | D:7      | Reached skill level 5 in Fighting
  6627 | D:7      | Found an oddly glowing altar of Pakellas.
  6654 | D:7      | Found a sparkling altar of Nemelex Xobeh.
  6669 | D:7      | Found a shimmering altar of Xom.
  6673 | D:7      | Found a basalt altar of Yredelemnul.
  6673 | D:7      | Found a glowing silver altar of Zin.
  6722 | D:7      | Reached skill level 5 in Dodging
  6738 | D:7      | Gained mutation: You are robust. (+10% HP) [mutagenic meat]
  6846 | D:7      | Found a glowing golden altar of the Shining One.
  6938 | D:7      | Found a shadowy altar of Dithmenos.
  7263 | D:7      | Found an opulent altar of Gozag.
  7285 | D:7      | Reached skill level 8 in Earth Magic
  7495 | D:8      | Noticed Joseph
  7519 | D:8      | Killed Joseph
  7519 | D:8      | Reached XP level 10. HP: 30/100 MP: 16/16
  7642 | D:8      | Reached skill level 5 in Transmutations
  8106 | D:8      | Gained mutation: You can exhale a cloud of poison. [potion of mutation]
  8106 | D:8      | Gained mutation: You tend to lose your temper in combat. [potion of mutation]
  8106 | D:8      | Gained mutation: You have an increased reservoir of magic. (+10% MP) [potion of mutation]
  8107 | D:8      | Lost mutation: You can exhale a cloud of poison. [potion of cure mutation]
  8107 | D:8      | Lost mutation: You have an increased reservoir of magic. (+10% MP) [potion of cure mutation]
  8107 | D:8      | Lost mutation: You possess an exceptional clarity of mind. [potion of cure mutation]
  8107 | D:8      | Lost mutation: You are robust. (+10% HP) [potion of cure mutation]
  8107 | D:8      | Lost mutation: You tend to lose your temper in combat. [potion of cure mutation]
  8245 | D:8      | Gained mutation: Your body sometimes deteriorates upon taking damage. [potion of mutation]
  8245 | D:8      | Gained mutation: You regenerate slowly when monsters are visible. [potion of mutation]
  8246 | D:8      | Lost mutation: You regenerate slowly when monsters are visible. [potion of cure mutation]
  8246 | D:8      | Lost mutation: Your body sometimes deteriorates upon taking damage. [potion of cure mutation]
  8247 | D:8      | Gained mutation: You are clumsy. (Dex -2) [potion of mutation]
  8247 | D:8      | Gained mutation: You are partially covered in slimy green scales. (AC +2) [potion of mutation]
  8247 | D:8      | Gained mutation: Your flesh is heat resistant. (rF+) [potion of mutation]
  8258 | D:8      | Noticed Maurice
  8286 | D:8      | Killed Maurice
  8413 | D:8      | Noticed Gastronok
  8446 | D:8      | Killed from afar by Gastronok

Vault maps used:
D:1:      lightli_iron_boxes, minmay_tetromino_t2
D:3:      minmay_door_path, elyvilon_altar_4
D:4:      kennysheep_vampire_church, serial_shops, shop_statue, uniq_eustachio,
          uniq_menkaure
D:5:      kennysheep_spiral_hall, nicolae_ossuary_entry_plus, first_bread
D:6:      uniq_duvessa
D:7:      nicolae_tso_besieged_by_evil, grunt_temple_overflow_open,
          lemuel_coloured_pillars_altar, basic_altar, grunt_ogre_cave,
          grunt_dithmenos_shadows
D:8:      cheibriados_altar_1, uniq_maurice, uniq_joseph, uniq_gastronok
Temple:   nicolae_temple_figure_zero
Ossuary:  ossuary_the_hunt_dpeg

Skill      XL: |  1  2  3  4  5  6  7  8  9 10 |
---------------+-------------------------------+-----
Fighting       | 1 2 3 4 5 6 |  6.3
Dodging        | 2 4 5 |  5.8
Earth Magic    | 4 6 7 8 |  8.4
Spellcasting   | 3 4 |  4.0
Stealth        | 4 |  4.3
Transmutations | 2 3 4 5 |  5.2
Axes           | 3 4 |  4.1
Armour         | |  0.1

Action                   |  1- 3 |  4- 6 |  7- 9 | 10-12 || total
-------------------------+-------+-------+-------+-------++-------
Melee: Unarmed           |    10 |       |       |       ||    10
       Flail             |     1 |    21 |   142 |       ||   164
       Hand axe          |       |       |   110 |       ||   110
       Battleaxe         |       |       |    17 |    56 ||    73
Throw: Stone             |       |       |     1 |       ||     1
 Cast: Sandblast         |    14 |    31 |   129 |    29 ||   203
 Abil: Spit Poison       |    37 |    42 |    79 |    12 ||   170
  Use: Scroll            |       |       |    14 |       ||    14
       Potion            |       |       |     7 |     8 ||    15
 Stab: Sleeping          |       |     1 |     6 |       ||     7
  Eat: Chunk             |     3 |     8 |    18 |     4 ||    33
       Beef jerky        |       |       |     1 |       ||     1
Armor: Robe              |    15 |     6 |   120 |     1 ||   142
       Ring mail         |       |       |       |    29 ||    29
       Skin              |       |       |       |    17 ||    17
Dodge: Dodged            |    27 |    13 |   298 |    39 ||   377
